 Dungeon Crawl Stone Soup version 0.26.1-11-gd32895ea62 (webtiles) character file.

Game seed: 14676491796761682128

153 buriedalive the Chiller (level 5, 0/28 HPs)
             Began as a Deep Elf Ice Elementalist on June 22, 2021.
             Succumbed to an adder's poison
             ... on level 3 of the Dungeon.
             The game lasted 00:04:34 (2293 turns).

buriedalive the Chiller (Deep Elf Ice Elementalist) Turns: 2293, Time: 00:04:35

Health: 0/28       AC:  4    Str:  5    XL:     5   Next: 12%
Magic:  5/11       EV: 15    Int: 21    God:
Gold:   97         SH:  0    Dex: 15    Spells: 3/10 levels left

rFire    . . .     SeeInvis +   b - +0 short sword
rCold    . . .     Faith    .   (no shield)
rNeg     + . .     Spirit   .   l - +2 robe {rN+}
rPois    .         Reflect  .   (no helmet)
rElec    .         Harm     .   (no cloak)
rCorr    .         Rampage  .   (no gloves)
Will     .....                  (no boots)
Stlth    ++........             (no amulet)
HPRegen  0.09/turn              d - ring of see invisible
MPRegen  0.12/turn              (no ring)

@: brilliant, lethally poisoned (0 -> -2), flying
A: blink
a: Blink


You were on level 3 of the Dungeon.
You visited 1 branch of the dungeon, and saw 3 of its levels.

You collected 97 gold pieces.

Inventory:

Hand Weapons
 b - a +0 short sword (weapon)
Missiles
 e - 55 stones
Armour
 a - a +0 robe
 l - a +2 robe of positive energy (worn)
Jewellery
 d - a ring of see invisible (left hand)
Scrolls
 c - 2 scrolls of blinking {unknown}
 f - a scroll of enchant weapon {unknown}
 i - 6 scrolls of identify {unknown}
 j - a scroll of amnesia {unknown}
 k - 2 scrolls of magic mapping {unknown}
 n - a scroll of remove curse {unknown}


   Skills:
 + Level 4.9 Dodging
 - Level 2.4 Stealth
 - Level 3.0 Spellcasting
 + Level 5.9 Ice Magic


You had 3 spell levels left.
You knew the following spells:

 Your Spells              Type           Power        Failure   Level
a - Freeze                Ice            100%         1%          1
b - Frozen Ramparts       Ice            84%          3%          3
c - Ozocubu's Armour      Ice            42%          3%          3

Your spell library contained the following spells:

 Spells                   Type           Power        Failure   Level
 Hailstorm                Conj/Ice       23%          36%         4
 Summon Ice Beast         Ice/Summ       23%          36%         4


Dungeon Overview and Level Annotations

Branches:
Dungeon (3/15)

Altars:
Sif Muna


Innate Abilities, Weirdness & Mutations

You can translocate small distances at will.


Message History

Unknown command.
Unknown command.
Casting: Freeze (safe; 1% risk of failure)
Confirm with . or Enter, or press ? or * to list all spells.
Aiming: Freeze (safe; 1% risk of failure)
Press: ? - help, Shift-Dir - straight line, f - gnoll
Aim: a gnoll, wielding a +0 halberd You feel a surge of power!
You freeze the gnoll.
The gnoll is heavily wounded.
The frozen ramparts melt away.
The gnoll closely misses you.
Unknown command.
Unknown command.
Casting: Freeze (safe; 1% risk of failure)
Confirm with . or Enter, or press ? or * to list all spells.
Aiming: Freeze (safe; 1% risk of failure)
Press: ? - help, Shift-Dir - straight line, f/p - gnoll
Aim: a gnoll, wielding a +0 halberd (heavily wounded)
You feel a surge of power!
You freeze the gnoll.
The gnoll is heavily wounded.
You die...

#### #.... #....##
#.......
..#...#$###
.....#.@.#### ...
......##g†<.#....
(##...g...........
..#.....$..........
#.................
#............#.##.
#............#...
##..........## ..#
##...##....# ..


You could see a gnoll.

Vanquished Creatures
  Jessica (D:2)
  5 gnolls
  2 adders
  2 worms (D:2)
  2 dart slugs (D:2)
  A leopard gecko (D:2)
  A ball python (D:1)
  2 giant cockroaches (D:1)
  6 hobgoblins
  7 kobolds
  2 quokkas (D:2)
  2 bats (D:1)
  3 frilled lizards
  9 goblins
  6 rats
51 creatures vanquished.

Notes
Turn   | Place    | Note
-------+----------+-------------------------------------------
     0 | D:1      | buriedalive the Deep Elf Ice Elementalist began the quest
                  | for the Orb.
     0 | D:1      | Reached XP level 1. HP: 10/10 MP: 6/6
   384 | D:1      | Reached XP level 2. HP: 15/15 MP: 8/8
  1064 | D:2      | Reached skill level 5 in Ice Magic
  1064 | D:2      | Reached XP level 3. HP: 19/19 MP: 5/9
  1518 | D:2      | Learned a level 3 spell: Frozen Ramparts
  1522 | D:2      | Learned a level 3 spell: Ozocubu's Armour
  1714 | D:2      | Reached XP level 4. HP: 19/24 MP: 6/10
  1714 | D:2      | Noticed Jessica
  1724 | D:2      | Killed Jessica
  2212 | D:2      | Found a shimmering blue altar of Sif Muna.
  2288 | D:3      | Gained mutation: You have large cloven feet. [potion of
                  | mutation]
  2288 | D:3      | Lost mutation: You have large cloven feet. [potion of
                  | mutation]
  2288 | D:3      | Gained mutation: You can translocate small distances at
                  | will. [potion of mutation]
  2289 | D:3      | HP: 1/24 [poisoned by an adder]
  2290 | D:3      | Reached XP level 5. HP: 1/28 MP: 6/11
  2293 | D:3      | Succumbed to an adder's poison

Illustrated notes

Levels and vault maps discovered:
D:1:      lightli_arrival_noodles, layout_loops_ring, serial_glass,
          glass_columns_a, glass_columns_b, glass_columns_a, glass_columns_a,
          kennysheep_minor_cross
D:2:      layout_loops_cross, lemuel_blue_sif_altar, uniq_jessica
D:3:      layout_rooms, okawaru_metal_pillars_3, gammafunk_ghost_icy,
          kennysheep_another_room, uniq_ijyb

Skill      XL: |  1  2  3 |
---------------+----------+-----
Dodging        | 3 4 |  4.9
Ice Magic      | 5 |  5.9
Stealth        | |  2.4
Spellcasting   | |  3.0

Action                   |  1- 3 |  4- 6 || total
-------------------------+-------+-------++-------
Melee: Short sword       |    27 |    13 ||    40
 Cast: Freeze            |    40 |    12 ||    52
       Frozen Ramparts   |     1 |     2 ||     3
  Use: Potion            |       |     3 ||     3
 Stab: Sleeping          |     6 |     1 ||     7
Armor: Robe              |     6 |     1 ||     7
Dodge: Dodged            |    30 |    18 ||    48
